 Dungeon Crawl Stone Soup version 0.32-a0-909-gc671339a80 (webtiles) character file.

Game seed: 9272747665010829502

26696 Finalfun the Severer (level 13, -5/144 HPs)
             Began as a Mountain Dwarf Fighter on Apr 7, 2024.
             Was an Initiate of Gozag.
             Slain by a hog (7 damage)
             ... led by Kirke
             ... on level 4 of the Lair of Beasts.
             The game lasted 00:26:42 (15827 turns).

Finalfun the Severer (Mountain Dwarf Fighter)      Turns: 15827, Time: 00:26:44

Health: -5/144     AC:  0    Str: 21    XL:     13   Next: 0%
Magic:  17/17      EV: 12    Int: 12    God:    Gozag
Gold:   1049       SH:  5    Dex:  9    Spells: 9/18 levels left

rFire   . . .        E - melded +10 mace of Ipse Dixit {drain, Int+5 Dex+3}
rCold   . . .        y - melded +0 kite shield
rNeg    . . .        j - melded +0 plate armour
rPois   .            (helmet currently unavailable)
rElec   .            (cloak currently unavailable)
rCorr   .            r - melded +1 pair of gloves
SInv    .            (boots currently unavailable)
Will    +....        F - amulet of reflection Stlth
                     e - melded ring of resist corrosion
HPRegen 0.44/turn    B - melded +4 ring of protection
MPRegen 0.15/turn

%: reflection
@: mighty, brilliant, berserking, pig-form, hasted and slowed, very quick
A: fast, no casting, small, runic magic, artefact enchanting
a: Renounce Religion, Potion Petition, Call Merchant, Bribe Branch


You were on level 4 of the Lair of Beasts.
You worshipped Gozag.
Gozag was most pleased with you.
You were a filthy swine.
You visited 3 branches of the dungeon, and saw 14 of its levels.

You collected 2964 gold pieces.
You spent 800 gold pieces at shops.
You paid 1115 gold pieces to Gozag.

Inventory:

Hand Weapons
 E - the +10 mace of Ipse Dixit (melded) {drain, Int+5 Dex+3}
   (You found it on level 7 of the Dungeon)

   Int+5:     It affects your intelligence (+5).
   Dex+3:     It affects your dexterity (+3).
Armour
 j - a +0 plate armour (melded)
 r - a +1 pair of gloves (melded)
 y - a +0 kite shield (melded)
Magical Staves
 N - a staff of death
Jewellery
 e - a ring of resist corrosion (melded)
 i - a ring of wizardry
 k - a ring of protection from fire
 B - a +4 ring of protection (melded)
 F - an amulet of reflection (around neck)
Wands
 v - a wand of paralysis (6)
 G - a wand of polymorph (17)
 H - a wand of flame (6)
 J - a wand of iceblast (2) (quivered)
Scrolls
 d - a scroll of immolation {unknown}
 h - 3 scrolls of enchant weapon {unknown}
 l - 4 scrolls of fear
 p - 5 scrolls of teleportation
 q - 5 scrolls of amnesia
 s - a scroll of enchant armour
 w - a scroll of acquirement {unknown}
 I - 2 scrolls of blinking {unknown}
 K - 3 scrolls of brand weapon {unknown}
 L - 3 scrolls of revelation {unknown}
 M - a scroll of fog {unknown}
Potions
 a - a potion of cancellation {unknown}
 b - 3 potions of heal wounds
 c - a potion of might
 f - 2 potions of haste {unknown}
 g - 4 potions of curing
 m - 3 potions of invisibility {unknown}
 n - 2 potions of degeneration {unknown}
 o - 3 potions of ambrosia {unknown}
 t - 4 potions of enlightenment {unknown}
 u - 2 potions of attraction {unknown}
 x - 2 potions of lignification {unknown}
 z - 2 potions of brilliance {unknown}
 A - 5 potions of berserk rage {unknown}
 C - a potion of mutation {unknown}
 D - 2 potions of resistance {unknown}


   Skills:
 - Level 4.0 Fighting
 - Level 15.6(16.7) Axes
 - Level 9.9(14.0) Maces & Flails
 - Level 4.0 Armour
 - Level 12.0 Shields
 + Level 3.1 Spellcasting
 - Level 14.0 Necromancy
 - Level 6.0 Evocations


You had 9 spell levels left.
You knew the following spells:

 Your Spells              Type           Power      Damage    Failure   Level
a - Death's Door          Necr           26%        N/A       100%        9

Your spell library contained the following spells:

 Spells                   Type           Power      Damage    Failure   Level
 Necrotise                Necr           100%       1d9       1%          1
 Vampiric Draining        Necr           52%        2d9       1%          3
 Dispel Undead            Necr           52%        3d19      1%          4
 Curse of Agony           Necr           52%        N/A       2%          5
 Cigotuvi's Dreadful Rot  Necr/Alch/Air  38%        N/A       5%          2
 Anguish                  Hex/Necr       14%        N/A       14%         4
 Martyr's Knell           Necr/Summ      28%        N/A       14%         4
 Magic Dart               Conj           8%         1d3       24%         1
 Blink                    Tloc           4%         N/A       36%         2
 Call Imp                 Summ           4%         N/A       36%         2
 Teleport Other           Tloc           2%         N/A       58%         3
 Ignite Poison            Fire/Alch      2%         N/A       94%         4
 Vhi's Electric Charge    Tloc/Air       4%         N/A       94%         4
 Borgnjor's Revivificati  Necr           26%        N/A       99%         8
 Arcjolt                  Conj/Air       1%         1d11      100%        5
 Freezing Cloud           Conj/Ice/Air   1%         6-21      100%        5
 Iskenderun's Battlesphe  Conj           2%         2d6       100%        5
 Bombard                  Conj/Erth      1%         9d1       100%        6
 Dispersal                Tloc           1%         N/A       100%        6
 Gell's Gavotte           Tloc           1%         2d(11-17) 100%        6
 Plasma Beam              Fire/Air       1%         2x1d11    100%        6
 Haunt                    Necr/Summ      14%        N/A       100%        7
 Spellforged Servitor     Conj/Summ      1%         N/A       100%        7
 Animate Dead             Necr           Unusable   N/A       N/A         4

Dungeon Overview and Level Annotations

Branches:
Dungeon (9/15)             Temple (1/1) D:5            Lair (4/5) D:9
 Shoals (0/4) Lair:3        Snake (0/4) Lair:3          Orc (0/2) D:9
  Slime: Lair:4-5

Altars:
Ashenzari
Cheibriados
Dithmenos
Elyvilon
Fedhas
Gozag
Hepliaklqana
Kikubaaqudgha
Makhleb
Nemelex Xobeh
Okawaru
Qazlal
Ru
Sif Muna
Trog
Uskayaw
Vehumet
Wu Jian
Xom
Yredelemnul
Zin
The Shining One

Shops:
D:2 :   D:5 (   D:8 (:::

Annotations:
D:3 1 runed translucent door, Crazy Yiuf
D:5 3 runed translucent doors, Spear's ghost, amateur CoBe
Lair:4 Kirke


Innate Abilities, Weirdness & Mutations

You are a filthy swine.
You move quickly.
Your equipment is almost entirely melded.
You are incapable of wielding weapons or throwing items.
You cannot cast spells.
Your spellcasting is much less encumbered by armour.
You can use scrolls of enchantment on lesser artefacts.


Message History

* * * LOW HITPOINT WARNING * * *
The hog barely misses you. The hog bites you.
* * * LOW HITPOINT WARNING * * *
Kirke barely misses you. The hog bites you!
* * * LOW HITPOINT WARNING * * *
The hog closely misses you. [a] - 325 gold - heal wounds, curing and berserk rage [b] - 525 gold - heal wounds, curing, berserk rage and magic [c] - 220 gold - haste Purchase which effect?
You feel much better.
You feel better.
A red film seems to cover your vision as you go berserk!
You feel yourself moving faster!
You feel mighty! The hog bites you. The hog bites you! Kirke misses you.
The hog barely misses you. You block the hog's attack.
You closely miss Kirke.
Kirke is moderately wounded.
You block the hog's attack. Kirke barely misses you. The hog bites you.
* * * LOW HITPOINT WARNING * * *
The hog closely misses you.
You bite Kirke!
Kirke is heavily wounded.
You block the hog's attack. The hog bites you!
* * * LOW HITPOINT WARNING * * *
Kirke hits you.
* * * LOW HITPOINT WARNING * * *
You bite Kirke!
Kirke is severely wounded.
You block the hog's attack. The hog bites you!
* * * LOW HITPOINT WARNING * * *
The hog bites you.
* * * LOW HITPOINT WARNING * * *
The hog completely misses you.
You bite Kirke!
Kirke is severely wounded.
Kirke barely misses you. The hog bites you!
* * * LOW HITPOINT WARNING * * *
The hog barely misses you. The hog bites you!
You die...
Your body crumbles into a pile of gold.

.### ..... ..... ....#
.... #...### ...#
#.....# ##...# #...#
#...# #...# ##..#
#.hh###P..# #.h@h##...#
##.........#
##...#......# ..
#...#.......### ...
.......##........P###...
......#.................
......#........#........
....#......#..##....#...


You could see Kirke (drained) and 3 hogs.

Vanquished Creatures
  A catoblepas (Lair:4)
  Erica (D:9)
  2 skysharks
  Pikel (D:7)
  A deep elf pyromancer (D:9)
  A manticore (Lair:3)
  A salamander (Lair:3)
  Joseph (D:8)
  7 elephants
  7 cane toads
  A torpor snail (Lair:3)
  A komodo dragon (Lair:3)
  Jeremiah (D:9)
  3 rime drakes (Lair:2)
  A troll (D:9)
  A wind drake (Lair:3)
  13 blink frogs
  4 dream sheep (Lair:3)
  2 hornets
  Prince Ribbit (D:7)
  4 wyverns
  A vampire (D:9)
  A hog (Lair:4)
  22 yaks
  3 steam dragons
  A basilisk (Lair:1)
  Grum (D:9)
  2 nagas (Lair:3)
  13 water moccasins
  3 ice beasts
  4 black bears
  An orc warrior (D:6)
  19 wolves
  2 ogres
  4 lemures (D:7)
  A centaur (D:5)
  5 kobold brigands
  5 bullfrogs
  5 gnoll sergeants
  5 scorpions
  3 wights (D:7)
  14 killer bees
  2 electric eels
  2 jellies (D:6)
  3 howler monkeys
  13 hounds
  3 gnoll boudas
  2 orc priests (D:6)
  Jessica (D:2)
  2 iguanas
  Ijyb (D:4)
  6 orc wizards
  2 sleepcaps
  6 hell rats (Lair:2)
  24 gnolls
  9 adders
  A shadow imp (D:6)
  A white imp (D:5)
  3 dart slugs
  4 ribbon worms
  24 orcs
  8 endoplasms
  3 giant cockroaches (D:1)
  5 goblins
  6 hobgoblins
  7 jackals
  4 quokkas
  3 ball pythons
  2 ball python zombies (D:3)
  4 bats
  5 frilled lizards
  22 kobolds
  3 rats
351 creatures vanquished.

Vanquished Creatures (others)
  A naga (Lair:3)
1 creature vanquished.

Grand Total: 352 creatures vanquished

Notes
Turn   | Place    | Note
-------+----------+-------------------------------------------
     0 | D:1      | Finalfun the Mountain Dwarf Fighter began the quest for the
                  | Orb.
     0 | D:1      | Reached XP level 1. HP: 19/19 MP: 1/1
   126 | D:1      | Reached XP level 2. HP: 26/26 MP: 2/2
   473 | D:1      | Reached skill level 3 in Axes
   597 | D:2      | Noticed Jessica
   605 | D:2      | Killed Jessica
   606 | D:2      | Reached XP level 3. HP: 30/33 MP: 3/3
   805 | D:2      | Reached XP level 4. HP: 38/40 MP: 4/4
   943 | D:2      | Found Mamoix's Book Shop.
  1038 | D:2      | You fall into a shaft and drop 1 floor!
  1447 | D:3      | Found a runed translucent door.
  1448 | D:3      | Noticed Crazy Yiuf
  1562 | D:3      | Reached skill level 4 in Axes
  1582 | D:3      | Found a bloodstained altar of Trog.
  1938 | D:3      | Found a broken altar of Ashenzari.
  2138 | D:3      | Noticed a scorpion
  2145 | D:3      | Killed a scorpion
  2146 | D:3      | Reached skill level 5 in Axes
  2146 | D:3      | Reached XP level 5. HP: 38/46 MP: 5/5
  2325 | D:3      | Found a basalt altar of Yredelemnul.
  2494 | D:4      | Noticed a black bear
  2499 | D:4      | Killed a black bear
  2500 | D:4      | Reached skill level 6 in Axes
  2500 | D:4      | Reached XP level 6. HP: 49/52 MP: 6/6
  2565 | D:4      | Got the Directory of the Eternal Void
  2639 | D:4      | Reached skill level 7 in Axes
  2902 | D:4      | Reached skill level 8 in Axes
  2902 | D:4      | Reached XP level 7. HP: 57/59 MP: 7/7
  3348 | D:4      | Noticed Ijyb
  3354 | D:4      | Paralysed by Ijyb for 2 turns
  3361 | D:4      | Paralysed by Ijyb for 4 turns
  3365 | D:4      | Killed Ijyb
  3560 | D:5      | Entered Level 5 of the Dungeon
  3560 | D:5      | Found a runed translucent gate.
  3560 | D:5      | Found a runed translucent gate.
  3561 | D:5      | Found a runed translucent gate.
  3561 | D:5      | Noticed Spear's ghost (amateur CoBe)
  3620 | D:5      | Reached skill level 9 in Axes
  3816 | D:5      | Reached skill level 10 in Axes
  3899 | D:5      | Found a staircase to the Ecumenical Temple.
  3961 | Temple   | Entered the Ecumenical Temple
  3974 | Temple   | Became a worshipper of Gozag Ym Sagoz the Greedy
  4018 | D:5      | Reached XP level 8. HP: 22/66 MP: 8/8
  4301 | D:5      | Reached skill level 11 in Axes
  4550 | D:5      | Reached skill level 12 in Axes
  4740 | D:5      | Found Isoemont's Antique Weapon Shop.
  5511 | D:6      | Reached skill level 13 in Axes
  5552 | D:6      | Reached XP level 9. HP: 34/71 MP: 9/9
  5704 | D:6      | Found a glowing golden altar of the Shining One.
  5756 | D:6      | Reached skill level 5 in Shields
  6228 | D:6      | Found a blossoming altar of Fedhas.
  7073 | D:7      | Noticed Pikel
  7091 | D:7      | Killed Pikel
  7092 | D:7      | Reached skill level 14 in Axes
  7192 | D:7      | Found a hide-covered altar of Uskayaw.
  7226 | D:7      | Found a white marble altar of Elyvilon.
  7633 | D:7      | Noticed Prince Ribbit
  7642 | D:7      | Paralysed by a hornet for 2 turns
  7765 | D:7      | Killed Prince Ribbit
  7848 | D:7      | Reached XP level 10. HP: 54/78 MP: 10/10
  7938 | D:7      | Identified the +10 mace of Ipse Dixit {drain, Int+5 Dex+3}
  8085 | D:8      | Found Peadwylell's Weapon Shoppe.
  8172 | D:8      | Found Cidgha Urhi's Book Shoppe.
  8323 | D:8      | Found Uluex's Book Shop.
  8389 | D:8      | Found Vuxt's Book Emporium.
  8425 | D:8      | Noticed Joseph
  8436 | D:8      | Killed Joseph
  8437 | D:8      | Reached skill level 1 in Maces & Flails
  8458 | D:8      | Reached skill level 15 in Axes
  8523 | D:8      | Found an iron altar of Okawaru.
  8528 | D:8      | Found the +6 shillelagh "Devastator" {shatter}
  8778 | D:8      | Bought a manual of Necromancy for 800 gold pieces
  8788 | D:8      | Learned a level 9 spell: Death's Door
  8869 | D:9      | Noticed Grum
  8870 | D:9      | Found an ornate altar of the Wu Jian Council.
  8890 | D:9      | Reached skill level 1 in Necromancy
  8916 | D:9      | Killed Grum
  9134 | D:9      | Noticed a deep elf pyromancer
  9142 | D:9      | Killed a deep elf pyromancer
  9248 | D:9      | Identified the +1 quarterstaff of the Desert {heavy,
                  | ^Fragile rF+ Will+}
  9552 | D:9      | Noticed Jeremiah
  9589 | D:9      | Killed Jeremiah
  9803 | D:9      | Found a staircase to the Lair.
  9826 | D:9      | Found a staircase to the Orcish Mines.
 10136 | D:9      | Reached skill level 5 in Necromancy
 10153 | D:9      | Noticed Erica
 10170 | D:9      | Killed Erica
 10171 | D:9      | Reached skill level 5 in Maces & Flails
 10611 | D:9      | Reached XP level 11. HP: 79/84 MP: 11/11
 10770 | Lair:1   | Entered Level 1 of the Lair of Beasts
 10802 | Lair:1   | Reached skill level 10 in Shields
 12112 | Lair:2   | Reached skill level 10 in Necromancy
 12281 | Lair:2   | Noticed a skyshark
 12310 | Lair:2   | Killed a skyshark
 12318 | Lair:2   | Reached XP level 12. HP: 59/91 MP: 12/12
 13199 | Lair:3   | Reached skill level 1 in Evocations
 13356 | Lair:3   | Found a staircase to the Snake Pit.
 13675 | Lair:3   | Found a staircase to the Shoals.
 14357 | Lair:3   | Reached skill level 5 in Evocations
 15197 | Lair:3   | Reached skill level 1 in Spellcasting
 15216 | Lair:4   | Noticed a catoblepas
 15243 | Lair:4   | Killed a catoblepas
 15580 | Lair:4   | Noticed Kirke
 15601 | Lair:4   | Reached XP level 13. HP: 89/96 MP: 17/17
 15821 | Lair:4   | HP: 1/96 [Kirke (11)]
 15827 | Lair:4   | HP: 2/144 [hog[Kirke] (11)]
 15827 | Lair:4   | Slain by a hog

Illustrated notes

Levels and vault maps discovered:
D:1:      wander_arrival_peaceful_grave, layout_rooms, minmay_pentomino_u2
D:2:      layout_basic, serial_shops, nicolae_book_shop_shelving,
          kennysheep_generic_room_3, uniq_jessica
D:3:      layout_loops_corners, lemuel_zombie_altar_yredelemnul, bloody_trog,
          ashenzari_conservatory_becter, uniq_crazy_yiuf_cottage
D:4:      layout_basic, hex_medium, uniq_ijyb
D:5:      layout_cave_pools, minmay_temple_entry_drinking_statues,
          serial_gnoll_camp, gnoll_camp_mini_sergeant, gnoll_camp_mini_hut,
          gnoll_camp_mini_doghouse, gnoll_camp_mini_shop, gammafunk_ghost_split,
          minmay_increasing_density
D:6:      layout_loops_corners, mainiacjoe_overflow_cross_hatched,
          old_standard_altar, nicolae_twisty_statue_hallways
D:7:      layout_rooms, elyvilon_altar_5, nicolae_uskayaw_dance_hall,
          uniq_pikel, uniq_prince_ribbit1
D:8:      layout_gridville, okawaru_ov_weapons_minmay, serial_shops,
          nicolae_shop_back_alley_shop, nicolae_shop_behind_doors,
          shop_fountains, nicolae_book_shop_shelving, uniq_joseph
D:9:      layout_roguey, nicolae_wu_jian_wuxing_cycle, lair_entry_dummy,
          kennysheep_orc_monster_closet_entryway, kennysheep_diamond,
          minivault_10, wad_floor_pattern_untrapped, uniq_grum, uniq_erica,
          uniq_jeremiah
Temple:   nicolae_temple_ecumenical_triangle
Lair:1:   layout_regular_city, serial_forest, infiniplex_forest_clump_diagonal,
          infiniplex_forest_clump_long, infiniplex_forest_fountain,
          infiniplex_forest_zigzag_2, infiniplex_forest_clump_large,
          infiniplex_forest_join, infiniplex_forest_lined_3_way,
          infiniplex_forest_straight_3, infiniplex_forest_end_1
Lair:2:   layout_loops_ring, st_stairs_9
Lair:3:   layout_hall_layers, minmay_shoals_entry_beasts,
          alex1729_snake_entry_snake, chequers_serial_rivers_room_b,
          serial_bayou_shore_a
Lair:4:   layout_layer_cave, slime_entry_1, ebering_ghost_reflecting_pool,
          grunt_megastairs_5, uniq_kirke

Skill      XL: |  1  2  3  4  5  6  7  8  9 10 11 12 |
---------------+-------------------------------------+-----
Axes           | 3 5 6 8 10 13 14 15 | 15.6
Shields        | 4 8 9 11 12 | 12.0
Fighting       | 4 |  4.0
Armour         | 4 |  4.0
Maces & Flails | 5 8 9 |  9.9
Necromancy     | 6 10 14 | 14.0
Evocations     | 6 |  6.0
Spellcasting   | 3 |  3.1

Action                     |  1- 3 |  4- 6 |  7- 9 | 10-12 | 13-15 || total
---------------------------+-------+-------+-------+-------+-------++-------
  Melee: War axe           |    86 |   189 |   455 |       |       ||   730
         Mace              |       |       |       |   770 |    11 ||   781
         Unarmed           |       |       |       |       |     9 ||     9
 Invoke: Potion Petition   |       |       |     1 |       |     2 ||     3
  Evoke: Wand              |       |       |       |     2 |       ||     2
    Use: Potion            |       |     3 |     5 |     1 |       ||     9
         Scroll            |       |       |       |     8 |     1 ||     9
   Stab: Distracted        |       |       |     1 |     1 |       ||     2
 Armour: Scale mail        |     8 |       |       |       |       ||     8
         Chain mail        |    53 |       |       |       |       ||    53
         Plate armour      |    22 |   182 |   459 |   502 |    22 ||  1187
         Skin              |       |       |       |       |    23 ||    23
  Dodge: Dodged            |    22 |    52 |    88 |    91 |    26 ||   279
  Block: Buckler           |    21 |    37 |    56 |       |       ||   114
         Kite shield       |       |       |    91 |   640 |    19 ||   750
         Reflection        |       |       |       |    14 |       ||    14
         Other             |       |       |       |       |     6 ||     6

Table legend: (Time is in decaauts)
 A = Elapsed time spent in this place.
 B = Non-inter-level travel time spent in this place.
 C = Inter-level travel time spent in this place.
 D = Time resting spent in this place.
 E = Time spent auto-exploring this place.
 F = Levels seen in this place.
 G = Mean time per level.
                   A        B        C        D        E       F      G
               +--------+--------+--------+--------+--------+-----+--------+
         Total |  15848 |  15246 |    602 |   3035 |   9476 |  14 | 1132.0 |
       Dungeon |  10830 |  10355 |    475 |   2042 |   6354 |   9 | 1203.3 |
        Temple |     26 |      2 |     24 |      0 |      0 |   1 |   26.0 |
          Lair |   4991 |   4888 |    103 |    993 |   3121 |   4 | 1247.8 |
               +--------+--------+--------+--------+--------+-----+--------+

Top non-repeatable levels by time:
  Lair:3: 2186 daAuts
     D:9: 1762 daAuts
     D:5: 1694 daAuts
     D:6: 1602 daAuts
     D:4: 1316 daAuts
     D:3: 1286 daAuts
  Lair:1: 1226 daAuts
  Lair:2: 1143 daAuts
     D:8: 957 daAuts
     D:7: 941 daAuts
     D:2: 646 daAuts
     D:1: 622 daAuts
  Lair:4: 435 daAuts
  Temple: 26 daAuts
